 Dungeon Crawl Stone Soup version 0.26-a0-30-g56b8cd3df0 (webtiles) character file.

Game seed: 10183751800438122455, levelgen mode: deterministic

37697 Lanoc the Commander (level 14, -2/99 HPs)
             Began as a Halfling Monk on May 29, 2020.
             Was a High Priest of Okawaru.
             Slain by an anaconda (shapeshifter) (5 damage)
             ... on level 12 of the Dungeon on May 30, 2020.
             The game lasted 00:49:45 (26906 turns).

Lanoc the Commander (Halfling Monk)                Turns: 26906, Time: 00:49:45

Health: -2/99      AC: 16    Str: 13    XL:     14   Next: 30%
Magic:  25/25      EV: 13    Int:  8    God:    Okawaru [*****.]
Gold:   1645       SH:  5    Dex: 21    Spells: 13/13 levels left

rFire    + + .     SeeInvis +   b - +5 fustibalus of the Freezing Augurer {freeze, rN++ SInv}
rCold    + . .     Gourm    .   (shield restricted)
rNeg     + + .     Faith    .   J - +3 chain mail {rF+}
rPois    .         Spirit   .   q - +0 helmet
rElec    .         Reflect  +   V - scarf {rC+ rF+}
rCorr    .         Harm     .   (no gloves)
MR       +++..                  (no boots)
Stlth    ..........             I - amulet of reflection
HPRegen  0.26/turn              R - ring of protection from magic
MPRegen  0.19/turn              u - ring of protection from magic

@: about to teleport, constricted
A: small, mutation resistance 1
a: Heroism, Finesse, Renounce Religion


You were on level 12 of the Dungeon.
You worshipped Okawaru.
Okawaru was extremely pleased with you.
You were not hungry.

You visited 3 branches of the dungeon, and saw 16 of its levels.

You collected 1645 gold pieces.

Inventory:

Hand Weapons
 a - a +3 long sword of freezing
 b - the +5 fustibalus of the Freezing Augurer (weapon) {freeze, rN++ SInv}
   (Okawaru gifted it to you on level 12 of the Dungeon)

   It causes projectiles fired from it to freeze those they strike, causing
   extra injury to most foes and up to half again as much damage against
   particularly susceptible opponents.
   They can also slow down cold-blooded creatures.
   It greatly protects you from negative energy.
   It lets you see invisible.
 l - a +5 double sword
 E - the +9 staff of Olgreb {rPois∞}
   (You took it off a centaur warrior on level 12 of the Dungeon)

   It grants immunity to poison.
Missiles
 e - 156 stones (quivered)
 p - 254 sling bullets
 t - 515 arrows
 D - 3 throwing nets
 H - 191 bolts
Armour
 q - a +0 helmet (worn)
 J - a +3 chain mail of fire resistance (worn)
 V - a scarf of resistance (worn)
Jewellery
 m - an uncursed ring of ice
 u - a ring of protection from magic (right hand)
 I - an amulet of reflection (around neck)
 R - a ring of protection from magic (left hand)
 S - an uncursed amulet of faith {unknown}
Wands
 j - a wand of paralysis (28)
 y - a wand of random effects (51)
 C - a wand of digging (11)
 K - a wand of flame (18)
 M - a wand of enslavement (4)
 O - a wand of polymorph (11)
 Q - a wand of iceblast (2)
Scrolls
 d - 5 scrolls of amnesia
 f - 6 scrolls of remove curse
 h - 3 scrolls of magic mapping
 s - 3 scrolls of immolation
 N - a scroll of enchant weapon
 P - a scroll of fog
Potions
 i - 2 potions of flight
 k - 3 potions of might
 o - 5 potions of curing
 r - 2 potions of invisibility
 v - 2 potions of brilliance
 A - a potion of cancellation
 F - a potion of stabbing
 L - 3 potions of mutation
 T - a potion of magic
Miscellaneous
 U - a phantom mirror
Comestibles
 c - 19 rations


   Skills:
 + Level 10.3 Fighting
 - Level 3.0 Long Blades
 - Level 10.0 Slings
 + Level 10.1 Armour
 + Level 12.2 Dodging
 - Level 2.1 Stealth
 * Level 14.7 Invocations


You had 13 spell levels left.
You didn't know any spells.
Your spell library was empty.

Dungeon Overview and Level Annotations

Branches:
Dungeon (13/15)            Temple (1/1) D:5            Lair (0/6) D:11
    Orc (2/2) D:12            Elf (0/3) Orc:2
 Vaults: D:13-14

Altars:
Dithmenos
Elyvilon
Hepliaklqana
Okawaru
Sif Muna
Trog
Beogh

Shops:
Orc:2 ([*:

Annotations:
D:2 Sigmund
D:12 4 runed translucent doors


Innate Abilities, Weirdness & Mutations

You are small and have problems with some larger weapons.
You are somewhat resistant to further mutation.


Message History

Aim: an anaconda (heavily wounded)
You shoot a stone. The stone misses the anaconda.
The anaconda grabs you.
The anaconda bites you but does no damage.
The anaconda constricts you. The anaconda closely misses you.
* * * LOW HITPOINT WARNING * * *
The anaconda constricts you.
As you read the scroll of teleportation, it crumbles to dust.
You feel strangely unstable. The anaconda bites you.
* * * LOW HITPOINT WARNING * * *
The anaconda constricts you.
The anaconda bites you but does no damage.
* * * LOW HITPOINT WARNING * * *
The anaconda constricts you.
The anaconda's grasp on you weakens, but your attempt to escape fails.
The anaconda bites you!
* * * LOW HITPOINT WARNING * * *
The anaconda constricts you.
The anaconda's grasp on you weakens, but your attempt to escape fails.
The anaconda bites you.
You die...

#.# #..# #............#........
#.# ##.###..........#..........
#.# #..............##.........
#.# ####...........###).......
#.# ###...............#........
#.# #^..##..........#..........
#.###.####............#........
#.#...# #.(........########...
##...######(..S@.....# ##..
##.....(....##..####### #####
#..........[[#(## #....
<...O.......).># #....
..[........[..## #....
.......((.....# #....
..............# #....
..............# #....
#..........>.## #####


You could see an anaconda.

Vanquished Creatures
  An orc warlord (D:12)
  Josephine (D:11)
  Fannar (D:11)
  2 hydras (D:12)
  3 centaur warriors (D:12)
  3 two-headed ogres
  3 death yaks (D:11)
  Urug (D:11)
  An orc high priest (Orc:2)
  An orange crystal statue (D:11)
  6 orc knights
  A deep elf archer (D:12)
  2 ugly things (D:12)
  6 orc sorcerers
  2 cyclopes
  A manticore (D:12)
  A centaur skeleton (D:11)
  A gargoyle (D:10)
  A komodo dragon (D:10)
  A hornet (D:11)
  6 trolls
  Grinder (D:3)
  A hippogriff (D:12)
  12 yaks
  5 wraiths
  2 hungry ghosts
  7 wargs
  Edmund (D:5)
  A water moccasin (D:9)
  A soldier ant (D:12)
  Duvessa (D:7)
  A sky beast (D:9)
  47 orc warriors
  3 porcupines (D:11)
  2 ice beasts
  An ice beast (shapeshifter) (D:12)
  2 black bears
  An eye of draining (D:9)
  A phantom (D:4)
  12 ogres
  9 centaurs
  A crocodile (D:10)
  4 big kobolds
  Blork the orc (D:4)
  5 bullfrogs
  A gnoll sergeant (D:9)
  Dowan (D:7)
  3 scorpions
  6 killer bees
  8 wights
  9 howler monkeys
  A centaur zombie (D:6)
  10 crimson imps
  A bullfrog zombie (D:7)
  A bullfrog skeleton (D:11)
  6 jellies
  5 hounds
  23 orc wizards
  10 orc priests
  A hell rat (D:11)
  9 worker ants
  4 iguanas
  A killer bee zombie (D:10)
  2 hound zombies
  A hound skeleton (D:6)
  18 gnolls
  A howler monkey skeleton (D:9)
  3 river rats (D:11)
  16 adders
  A shadow imp (D:8)
  3 adder skeletons
  3 worms
  5 leopard geckos
  80 orcs
  2 ball pythons
  8 bats
  7 giant cockroaches
  6 goblins
  6 hobgoblins
  13 jackals
  13 kobolds
  4 quokkas
  7 frilled lizards
  A jackal skeleton (D:4)
  4 rats
471 creatures vanquished.

Vanquished Creatures (collateral kills)
  An orc warlord (Orc:2)
1 creature vanquished.

Grand Total: 472 creatures vanquished

Notes
Turn   | Place    | Note
-------+----------+-------------------------------------------
     0 | D:1      | Lanoc the Halfling Monk began the quest for the Orb.
     0 | D:1      | Reached XP level 1. HP: 15/15 MP: 1/1
   324 | D:1      | Reached XP level 2. HP: 20/20 MP: 2/2
  1233 | D:2      | Reached XP level 3. HP: 13/26 MP: 3/3
  1296 | D:2      | Noticed Sigmund
  1648 | D:2      | Reached XP level 4. HP: 14/31 MP: 4/4
  2739 | D:3      | Found an iron altar of Okawaru.
  2773 | D:3      | Reached XP level 5. HP: 12/37 MP: 5/5
  2974 | D:3      | Became a worshipper of Warmaster Okawaru
  2974 | D:3      | Reached * piety under Okawaru
  2974 | D:3      | Reached ** piety under Okawaru
  3091 | D:3      | Noticed Grinder
  3100 | D:3      | Paralysed by Grinder for 2 turns
  3112 | D:3      | Killed Grinder
  3112 | D:3      | Reached skill level 5 in Dodging
  3112 | D:3      | Reached XP level 6. HP: 30/44 MP: 4/6
  3727 | D:3      | Reached skill level 1 in Invocations
  3959 | D:4      | Reached XP level 7. HP: 23/49 MP: 4/8
  3984 | D:4      | Reached skill level 5 in Fighting
  3984 | D:4      | Reached skill level 2 in Invocations
  4500 | D:4      | Noticed Blork the orc
  4516 | D:4      | Killed Blork the orc
  4516 | D:4      | Reached skill level 3 in Invocations
  5455 | D:4      | Reached skill level 4 in Invocations
  5455 | D:4      | Reached XP level 8. HP: 25/56 MP: 7/11
  6032 | D:5      | Entered Level 5 of the Dungeon
  6290 | D:5      | Reached skill level 5 in Invocations
  6684 | D:5      | Noticed Edmund
  6718 | D:5      | Killed Edmund
  6718 | D:5      | Reached *** piety under Okawaru
  7025 | D:5      | Found a staircase to the Ecumenical Temple.
  7143 | Temple   | Entered the Ecumenical Temple
  7451 | D:6      | Reached skill level 1 in Armour
  7472 | D:6      | Reached skill level 6 in Invocations
  7482 | D:6      | Reached XP level 9. HP: 33/62 MP: 11/13
  8488 | D:7      | Reached skill level 7 in Invocations
  8549 | D:7      | Noticed Duvessa
  8555 | D:7      | Noticed Dowan
  8580 | D:7      | Killed Duvessa
  8599 | D:7      | Killed Dowan
  8780 | D:7      | Reached skill level 8 in Invocations
  9439 | D:8      | Found a bloodstained altar of Trog.
  9612 | D:8      | Reached skill level 1 in Slings
  9612 | D:8      | Reached XP level 10. HP: 69/69 MP: 16/16
  9856 | D:8      | Reached **** piety under Okawaru
 10345 | D:8      | Noticed a two-headed ogre
 10360 | D:8      | Killed a two-headed ogre
 10771 | D:9      | Reached skill level 9 in Invocations
 11125 | D:9      | Reached skill level 5 in Slings
 11350 | D:9      | Reached skill level 5 in Armour
 11668 | D:9      | Reached ***** piety under Okawaru
 12444 | D:10     | Entered Level 10 of the Dungeon
 12453 | D:10     | Noticed a two-headed ogre
 12747 | D:9      | Reached XP level 11. HP: 20/75 MP: 18/18
 13557 | D:10     | Reached skill level 10 in Invocations
 13707 | D:10     | Killed a two-headed ogre
 14112 | D:11     | Noticed a six-headed hydra
 14144 | D:11     | Noticed Josephine
 14173 | D:10     | Received a gift from Okawaru
 14424 | D:11     | Noticed Fannar
 14814 | D:11     | Received a gift from Okawaru
 14829 | D:11     | Noticed Urug
 15810 | D:11     | Noticed an orange crystal statue
 15919 | D:11     | Found a staircase to the Lair.
 15920 | D:11     | Noticed a death yak
 15921 | D:11     | Noticed a death yak
 15999 | D:12     | Received a gift from Okawaru
 16000 | D:12     | Noticed a centaur warrior
 16014 | D:12     | HP: 2/77 [centaur warrior (12)]
 16019 | D:12     | Killed a centaur warrior
 16332 | D:12     | Noticed a cyan ugly thing
 16381 | D:12     | Noticed an eight-headed hydra
 16383 | D:12     | Found a staircase to the Orcish Mines.
 16419 | D:11     | Noticed a death yak
 16423 | D:11     | You fall into a shaft and drop 1 floor!
 16549 | D:12     | Noticed a two-headed ogre
 16573 | D:12     | Killed a two-headed ogre
 16573 | D:12     | Reached skill level 11 in Invocations
 16621 | D:12     | Killed an eight-headed hydra
 16621 | D:12     | Reached skill level 10 in Dodging
 16621 | D:12     | Reached XP level 12. HP: 35/83 MP: 20/20
 16866 | D:12     | Noticed a four-headed hydra
 16886 | D:12     | Killed a four-headed hydra
 16982 | D:12     | Found a large runed translucent door.
 16982 | D:12     | Found a large runed translucent door.
 16991 | D:12     | Noticed a centaur warrior
 17090 | D:12     | Received a gift from Okawaru
 17091 | D:12     | Got a transparent fustibalus {god gift}
 17092 | D:12     | Identified the +5 fustibalus of the Freezing Augurer
                  | {freeze, rN++ SInv} (Okawaru gifted it to you on level 12
                  | of the Dungeon)
 17444 | D:12     | Found a large runed translucent door.
 17444 | D:12     | Found a large runed translucent door.
 18039 | D:12     | Reached skill level 10 in Slings
 18039 | D:12     | Reached skill level 12 in Invocations
 18127 | D:12     | Noticed a centaur warrior
 18162 | D:12     | Killed a centaur warrior
 18277 | D:12     | Noticed a centaur warrior
 18282 | D:12     | Killed a centaur warrior
 18282 | D:12     | Received a gift from Okawaru
 18459 | D:12     | Noticed an orc warlord
 18483 | D:12     | Killed an orc warlord
 18491 | D:12     | Found an iron altar of Okawaru.
 18724 | D:12     | Reached XP level 13. HP: 86/90 MP: 22/22
 18940 | Orc:1    | Entered Level 1 of the Orcish Mines
 19622 | Orc:1    | Reached skill level 13 in Invocations
 20527 | Orc:2    | Entered Level 2 of the Orcish Mines
 23177 | Orc:2    | Received a gift from Okawaru
 23590 | Orc:2    | Noticed an orc warlord
 23607 | Orc:2    | Killed an orc warlord
 23607 | Orc:2    | Received a gift from Okawaru
 24435 | Orc:2    | Reached skill level 14 in Invocations
 24446 | Orc:2    | Received a gift from Okawaru
 24485 | Orc:2    | Found a roughly hewn altar of Beogh.
 24948 | Orc:2    | Reached skill level 10 in Fighting
 24991 | Orc:2    | Found Abopt's Antique Armour Shop.
 25004 | Orc:2    | Found Zirphat's Antique Weapon Shop.
 25130 | Orc:2    | Found Apelycw's Book Shop.
 25138 | Orc:2    | Found Kykuijor's General Store.
 25246 | Orc:2    | Found a staircase to the Elven Halls.
 25624 | D:13     | Received a gift from Okawaru
 25634 | D:13     | Reached XP level 14. HP: 92/99 MP: 24/24
 25939 | D:11     | Killed Josephine
 26194 | D:11     | Killed Fannar
 26194 | D:11     | Received a gift from Okawaru
 26194 | D:11     | Reached skill level 10 in Armour
 26248 | D:11     | Killed Urug
 26905 | D:12     | HP: 3/99 [anaconda (shapeshifter) (8)]
 26906 | D:12     | Slain by an anaconda (shapeshifter)

Illustrated notes

Levels and vault maps discovered:
D:1:      dpeg_arrival_leaves_temple_mockup, layout_basic
D:2:      layout_basic, uniq_sigmund
D:3:      layout_basic, okawaru_altar_gauntlet_db, uniq_grinder
D:4:      layout_basic, first_ration, st_stairs_11, kennysheep_generic_room_16,
          uniq_blork_the_orc
D:5:      layout_basic, minmay_temple_entry_large_hall,
          minmay_fractal_squares_diagonal_5, uniq_edmund
D:6:      cheibrodos_quashed, layout_loops_ring
D:7:      layout_rooms, uniq_duvessa
D:8:      layout_basic, nicolae_overflow_crystal_walls
D:9:      layout_basic, blue_anna_alchemist [blue_anna_fruit_fields,
          blue_anna_fruit_fields], minmay_chambers_of_fives
D:10:     layout_small_grid
D:11:     layout_loops_ring, dpeg_lair_monsters, minivault_16, st_stairs_10,
          uniq_fannar, uniq_urug, uniq_josephine
D:12:     evilmike_iron_armoury, layout_rooms, orc_0_dummy,
          minmay_hollow_rounded_squares
D:13:     layout_loops_corners, grunt_vaults_entry_fortified, special_room
          [special_room_bee], minmay_misc_feat_alley, st_stairs_3
Temple:   nicolae_temple_the_god_donut
Orc:1:    layout_caves, nooodl_orcs_dogs
Orc:2:    grunt_orc_cross, layout_caves

Skill      XL: |  1  2  3  4  5  6  7  8  9 10 11 12 13 14 |
---------------+-------------------------------------------+-----
Fighting       | 3 4 5 6 7 8 9 10 | 10.3
Dodging        | 4 5 6 7 8 9 10 11 12 | 12.2
Invocations    | 1 4 6 8 9 11 12 14 | 14.7
Armour         | 1 3 5 6 8 9 10 | 10.1
Slings         | 1 6 9 10 | 10.0
Long Blades    | |  3.0
Stealth        | |  2.1

Action                   |  1- 3 |  4- 6 |  7- 9 | 10-12 | 13-15 || total
-------------------------+-------+-------+-------+-------+-------++-------
Melee: Falchion          |    96 |    16 |       |       |       ||   112
       Long sword        |       |   105 |   398 |   371 |     7 ||   881
       Punch             |       |       |     7 |     4 |       ||    11
 Fire: Hunting sling     |       |       |    39 |   749 |       ||   788
       Fustibalus        |       |       |       |   145 |   798 ||   943
Invok: Heroism           |       |     2 |    16 |    10 |     7 ||    35
       Finesse           |       |       |       |     7 |     6 ||    13
Evoke: Wand              |       |       |       |    11 |       ||    11
  Use: Potion            |       |     2 |     4 |     1 |     5 ||    12
       Scroll            |       |       |     2 |    13 |    12 ||    27
 Stab: Sleeping          |     5 |     1 |     2 |     1 |       ||     9
  Eat: Chunk             |     2 |     8 |    12 |    25 |    24 ||    71
       Ration            |       |       |     2 |     2 |       ||     4
Armor: Robe              |    11 |    13 |     8 |       |       ||    32
       Leather armour    |       |       |    42 |    87 |       ||   129
       Chain mail        |       |       |       |     1 |   115 ||   116
Dodge: Dodged            |    87 |   123 |   513 |   668 |   233 ||  1624
Block: Other             |       |       |       |   143 |    84 ||   227
       Reflection        |       |       |       |     6 |     4 ||    10
       Rpst.: Falchion   |    23 |     8 |       |       |       ||    31
       Long sword        |       |    31 |   154 |   113 |     4 ||   302

Table legend:
 A = Non-vault XP
 B = Vault XP
 C = Vault XP percentage of total XP
 D = Non-vault monster count
 E = Vault monster count
 F = Vault count percentage of total count
                 A         B        C        D         E       F
            +---------+---------+-------+---------+---------+-------
      Total |   27716 |   26137 |  48.5 |     354 |     118 |  25.0
            +---------+---------+-------+---------+---------+-------
        D:1 |      26 |       0 |   0.0 |      15 |       0 |   0.0
        D:2 |      49 |       0 |   0.0 |      17 |       0 |   0.0
        D:3 |     103 |     290 |  73.8 |      17 |       7 |  29.2
        D:4 |     591 |     139 |  19.0 |      29 |       3 |   9.4
        D:5 |     174 |     224 |  56.3 |       6 |       3 |  33.3
        D:6 |     856 |       0 |   0.0 |      23 |       0 |   0.0
        D:7 |    1079 |     227 |  17.4 |      33 |       2 |   5.7
        D:8 |    1707 |       0 |   0.0 |      21 |       0 |   0.0
        D:9 |    1750 |     161 |   8.4 |      39 |       5 |  11.4
       D:10 |    2741 |     414 |  13.1 |      24 |       2 |   7.7
       D:11 |    2631 |    7505 |  74.0 |      27 |      21 |  43.8
       D:12 |    7201 |    7638 |  51.5 |      31 |      26 |  45.6
       D:13 |     606 |       0 |   0.0 |       6 |       0 |   0.0
      Orc:1 |    5245 |    1970 |  27.3 |      39 |      16 |  29.1
      Orc:2 |    2957 |    7569 |  71.9 |      27 |      33 |  55.0
            +---------+---------+-------+---------+---------+-------
